[Event "Titled Tuesday Blitz June 13 Late 2023"]
[White "Rodrigue-Lemieux, Shawn"]
[Black "Koellner, Ruben Gideon"]
[WhiteFideId "2620049"]
[BlackFideId "12993093"]
[WhiteElo "2405"]
[BlackElo "2314"]
[Result "1-0"]
[Round "6"]
[TimeControl "180+2"]
[Date "2023.06.13"]
[WhiteClock "0:00:10"]
[BlackClock "0:00:08"]
[Board "24"]

1. d4 d6 2. Bf4 Nf6 3. e3 g6 4. h3 Bg7 5. Nd2 O-O 6. Ngf3 Nc6 7. Be2 Nd7 8. Bh2 e5 9. c3 h6 10. O-O f5 11. a4 a5 12. e4 f4 13. Nc4 g5 14. dxe5 Ncxe5 15. Nfxe5 Nxe5 16. Nxe5 dxe5 17. Qb3+ Kh8 18. Rfd1 Qe7 19. f3 c6 20. Kf1 Be6 21. Bc4 Bc8 22. Bg1 h5 23. Qb6 Be6 24. Qb3 Bc8 25. Rd2 g4 26. hxg4 hxg4 27. Rad1 Qh4 28. Be6 Qh5 29. fxg4 Qh1 30. Bf5 f3 31. Qc4 Bh6 32. Rf2 Be3 33. Rxf3 Qxg1+ 34. Ke2 Qxg2+ 35. Kxe3 Bxf5 36. gxf5 Rad8 37. Qf1 Qg5+ 38. Ke2 Rxd1 39. Qxd1 Rd8 40. Rh3+ Kg7 41. f6+ Qxf6 42. Qg1+ Kf8 43. Rf3 Rd2+ 44. Kxd2 Qxf3 45. Qc5+ Kf7 46. Qxe5 Qf2+ 47. Kc1 Qe3+ 48. Kb1 Qe1+ 49. Ka2 Qe2 50. Qc7+ Ke6 51. Qxa5 Qxe4 52. Qb4 Qd5+ 53. Qb3 Kd6 54. Qxd5+ Kxd5 55. Kb3 Kc5 56. Kc2 Kc4 57. b3+ Kd5 58. Kd3 c5 59. Ke3 Ke5 60. Kf3 Kf5 61. Ke3 Ke5 62. Kd3 Kd5 63. a5 Kd6 64. Ke4 Ke6 65. c4 Kd6 66. Kf5 Kd7 67. Ke5 Kc6 68. Ke6 b5 69. axb6 Kxb6 70. Kd6 Ka5 71. Kxc5 Ka6 72. b4 Kb7 73. Kd6 Kc8 74. c5 Kb8 75. b5 Ka8 76. Kc7 Ka7 77. b6+ Ka8 78. b7+ Ka7 79. b8=Q+ Ka6 80. Qb6# 1-0


[Site "https://www.chess.com"]

[Event "Titled Tuesday Blitz June 13 Late 2023"]
[White "Dudzinski, Pawel"]
[Black "Erdogmus, Yagiz Kaan"]
[WhiteFideId "1117890"]
[BlackFideId "44599790"]
[WhiteElo "2099"]
[BlackElo "2359"]
[Result "0-1"]
[Round "6"]
[TimeControl "180+2"]
[Date "2023.06.13"]
[WhiteClock "0:00:04"]
[BlackClock "0:00:12"]
[Board "25"]

1. e4 e6 2. d4 d5 3. Nd2 c5 4. exd5 Qxd5 5. Ngf3 cxd4 6. Bc4 Qd7 7. Nb3 Nc6 8. Nbxd4 Nxd4 9. Qxd4 Qxd4 10. Nxd4 Bd7 11. Bb5 O-O-O 12. Bxd7+ Rxd7 13. Be3 Bc5 14. O-O-O Nf6 15. Nf5 Bxe3+ 16. Nxe3 Rhd8 17. Rxd7 Rxd7 18. Rd1 Kc7 19. Rxd7+ Nxd7 20. Kd2 Kd6 21. f4 b5 22. Kd3 Nc5+ 23. Kd4 f6 24. c4 b4 25. Nc2 a5 26. b3 h6 27. g3 g5 28. fxg5 hxg5 29. h4 gxh4 30. gxh4 f5 31. Ke3 Ke5 32. Kf3 Kf6 33. Nd4 e5 34. Nc6 e4+ 35. Ke3 a4 36. Nxb4 axb3 37. axb3 Nxb3 38. Kf4 Nc5 39. Nd5+ Ke6 40. Ne3 Nd3+ 41. Kg5 f4 42. Ng4 e3 43. Nh2 Ke5 44. h5 e2 45. h6 Ke4 46. h7 Ne5 47. Kf6 Ng4+ 48. Nxg4 e1=Q 49. Kg7 Qa1+ 50. Nf6+ Kf5 51. h8=Q Qxf6+ 52. Kg8 Qxh8+ 53. Kxh8 f3 54. c5 f2 55. c6 f1=Q 56. c7 Qc4 57. c8=Q+ Qxc8+ 58. Kg7 Qd7+ 59. Kh8 Kg6 0-1


[Site "https://www.chess.com"]

[Event "Titled Tuesday Blitz June 13 Late 2023"]
[White "Mika, Tomasz"]
[Black "Caruana, Fabiano"]
[WhiteFideId "1132970"]
[BlackFideId "2020009"]
[WhiteElo "2186"]
[BlackElo "2832"]
[Result "0-1"]
[Round "6"]
[TimeControl "180+2"]
[Date "2023.06.13"]
[WhiteClock "0:00:00"]
[BlackClock "0:00:58"]
[Board "26"]

1. d4 Nf6 2. Bf4 d6 3. Nc3 g6 4. e4 Bg7 5. Qd2 c6 6. O-O-O b5 7. Bd3 b4 8. Nce2 a5 9. Bh6 Bxh6 10. Qxh6 Ba6 11. e5 Nd5 12. Qg7 Rf8 13. Qxh7 a4 14. e6 fxe6 15. Qxg6+ Kd7 16. Nf3 Bxd3 17. Rxd3 Na6 18. Re1 b3 19. a3 bxc2 20. Rd2 Qb6 21. Rxc2 Nac7 22. Nc3 Nxc3 23. Rxc3 Rg8 24. Qe4 Rab8 25. Re2 Qb5 26. Kb1 Rb6 27. Rec2 Nd5 28. Rc4 Qa6 29. h4 Rgb8 30. Ng5 Rxb2+ 31. Rxb2 Rxb2+ 32. Kxb2 Qxc4 33. Qxe6+ Kc7 34. Qh3 Qxd4+ 35. Kc2 Qxf2+ 36. Kc1 Qe1+ 37. Kc2 Qe2+ 38. Kc1 Ne3 39. Qxe3 Qxe3+ 40. Kc2 Qe2+ 0-1


[Site "https://www.chess.com"]

[Event "Titled Tuesday Blitz June 13 Late 2023"]
[White "Zwirs, Nico"]
[Black "Kollars, Dmitrij"]
[WhiteFideId "1036432"]
[BlackFideId "12909572"]
[WhiteElo "2381"]
[BlackElo "2584"]
[Result "0-1"]
[Round "6"]
[TimeControl "180+2"]
[Date "2023.06.13"]
[WhiteClock "0:01:56"]
[BlackClock "0:01:56"]
[Board "27"]

1. e4 e5 2. Nf3 Nc6 3. Bc4 Nf6 4. d3 Be7 5. O-O O-O 6. Re1 d6 7. a4 Be6 8. a5 Bxc4 9. dxc4 b6 10. a6 Qc8 11. Nc3 Nb4 12. Nb5 c6 13. Nxd6 Bxd6 14. Qxd6 Nxc2 15. Bg5 Qe6 16. Qxe6 fxe6 17. Nxe5 Nxa1 18. Rxa1 Nxe4 19. Be3 c5 20. Nc6 Nd6 21. b3 Nf5 22. Rd1 Rfc8 23. Ne5 Rd8 24. Re1 Rd6 25. Bf4 Rad8 26. g3 Rd1 27. Rxd1 Rxd1+ 28. Kg2 Ra1 0-1


[Site "https://www.chess.com"]

[Event "Titled Tuesday Blitz June 13 Late 2023"]
[White "Firouzja, Alireza"]
[Black "Oro, Faustino"]
[WhiteFideId "12573981"]
[BlackFideId "20000197"]
[WhiteElo "2896"]
[BlackElo "1984"]
[Result "1-0"]
[Round "6"]
[TimeControl "180+2"]
[Date "2023.06.13"]
[WhiteClock "0:01:57"]
[BlackClock "0:00:14"]
[Board "28"]

1. d4 Nf6 2. Bg5 e6 3. e4 h6 4. Bxf6 Qxf6 5. Qd2 d6 6. Nc3 g6 7. f4 Bg7 8. Nf3 Qe7 9. O-O-O Nd7 10. h4 Nf6 11. e5 Ng4 12. h5 g5 13. g3 f5 14. exd6 cxd6 15. Bc4 Bd7 16. Rhe1 O-O-O 17. Bxe6 Bxe6 18. d5 Qc7 19. dxe6 Bxc3 20. Qxc3 Qxc3 21. bxc3 gxf4 22. gxf4 Nf6 23. Nh4 Nxh5 24. Nxf5 Nxf4 25. e7 Rde8 26. Nxd6+ Kc7 27. Nxe8+ Rxe8 28. Re4 Ng6 29. Rc4+ Kb6 30. Rd6+ Kb5 31. Rb4+ Kc5 32. Rxg6 Rxe7 33. Rxh6 1-0


[Site "https://www.chess.com"]

[Event "Titled Tuesday Blitz June 13 Late 2023"]
[White "Martinez Ramirez, Lennis"]
[Black "Andreikin, Dmitry"]
[WhiteFideId "3509079"]
[BlackFideId "4158814"]
[WhiteElo "2410"]
[BlackElo "2736"]
[Result "0-1"]
[Round "6"]
[TimeControl "180+2"]
[Date "2023.06.13"]
[WhiteClock "0:00:05"]
[BlackClock "0:00:37"]
[Board "29"]

1. Nf3 Nf6 2. c4 e6 3. Nc3 c5 4. e3 Nc6 5. d4 d5 6. a3 a6 7. dxc5 Bxc5 8. b4 Ba7 9. Bb2 O-O 10. Be2 dxc4 11. Qxd8 Rxd8 12. Bxc4 Bd7 13. O-O Rac8 14. Be2 Bb8 15. Rfd1 Ne5 16. Rac1 Nc4 17. Bxc4 Rxc4 18. Ne2 Rxc1 19. Rxc1 Ne4 20. Be5 Bxe5 21. Nxe5 Be8 22. f3 Nd6 23. Nd4 Kf8 24. Rc7 Rc8 25. Rxc8 Nxc8 26. Nc4 Ke7 27. e4 f6 28. Kf2 Bd7 29. e5 b5 30. exf6+ gxf6 31. Na5 e5 32. Ndb3 Nd6 33. Nc5 Bc8 34. Nc6+ Ke8 35. Nb8 Nc4 36. Nbxa6 Nxa3 37. Nc7+ Kf7 38. Nd5 Nc2 39. f4 exf4 40. Nd3 Be6 41. N5xf4 Bc4 42. h4 f5 43. Ne5+ Ke7 44. Nxc4 bxc4 45. Nd5+ Kd6 46. Ne3 Nxe3 47. Kxe3 Kc6 48. Kd4 Kb5 49. Kc3 f4 50. h5 h6 51. Kd4 Kxb4 52. Ke4 c3 53. Kxf4 c2 54. Kf5 c1=Q 55. g4 Qg5+ 0-1


[Site "https://www.chess.com"]

[Event "Titled Tuesday Blitz June 13 Late 2023"]
[White "Pakleza, Zbigniew"]
[Black "Bortnyk, Mykola"]
[WhiteFideId "1119290"]
[BlackFideId "14120836"]
[WhiteElo "2410"]
[BlackElo "2592"]
[Result "0-1"]
[Round "6"]
[TimeControl "180+2"]
[Date "2023.06.13"]
[WhiteClock "0:00:02"]
[BlackClock "0:00:08"]
[Board "30"]

1. d4 d5 2. Bf4 c5 3. e3 cxd4 4. exd4 Nc6 5. c3 Bf5 6. Nf3 e6 7. Qb3 Qd7 8. Bb5 f6 9. h3 g5 10. Be3 h5 11. Nbd2 Nge7 12. Be2 Bh6 13. Nh2 Bg6 14. g4 hxg4 15. hxg4 Bg7 16. O-O-O Rc8 17. Nhf3 Rf8 18. Nf1 e5 19. dxe5 fxe5 20. Bxg5 d4 21. Ne3 Bf7 22. Qa3 Nd5 23. Nf5 Bf6 24. Bxf6 Nxf6 25. Ng7+ Kd8 26. Qxf8+ Kc7 27. Qa3 Qxg4 28. Rhg1 Qe4 29. Nd2 Qxe2 30. Rde1 Qd3 31. c4 Bxc4 32. Qxd3 Bxd3 33. Kd1 Kd6 34. Nb3 Nb4 35. a3 Bc2+ 36. Kd2 Bxb3 37. axb4 Rc2+ 38. Kd3 Kd5 39. f3 Rxb2 40. Rc1 Nd7 41. Nf5 b5 42. Ne7+ Kd6 43. Nf5+ Ke6 44. Rg5 Bc4+ 45. Rxc4 bxc4+ 46. Kxc4 Nb6+ 47. Kc5 Rc2+ 48. Kb5 Rc3 49. f4 d3 50. fxe5 Kxe5 51. Ng3+ Kf4 52. Rg8 Rb3 53. Nh5+ Ke3 54. Re8+ Kd2 55. Rd8 Kc2 56. Nf4 d2 57. Nd5 Nxd5 58. Rxd5 d1=Q 59. Rxd1 Kxd1 60. Ka6 Rxb4 0-1


[Site "https://www.chess.com"]

[Event "Titled Tuesday Blitz June 13 Late 2023"]
[White "Martins, Bruno Andre Leite"]
[Black "Kramnik, Vladimir"]
[WhiteFideId "1942255"]
[BlackFideId "4101588"]
[WhiteElo "2241"]
[BlackElo "2703"]
[Result "0-1"]
[Round "6"]
[TimeControl "180+2"]
[Date "2023.06.13"]
[WhiteClock "0:00:11"]
[BlackClock "0:00:20"]
[Board "31"]

1. e4 c5 2. Nf3 e6 3. d4 cxd4 4. Nxd4 Nf6 5. Nc3 Nc6 6. Ndb5 d6 7. Bf4 e5 8. Bg5 a6 9. Na3 b5 10. Nd5 Be7 11. Bxf6 Bxf6 12. c4 b4 13. Nc2 a5 14. Be2 O-O 15. O-O Bg5 16. Qd3 Be6 17. Rad1 Qb8 18. Bf3 g6 19. b3 Kg7 20. g3 Qa7 21. Bg2 Rad8 22. Kh1 f5 23. f4 Bh6 24. Nde3 Ne7 25. Nd5 Bxd5 26. exd5 Kh8 27. Qe2 Bg7 28. Rfe1 e4 29. Qe3 Qxe3 30. Rxe3 Ra8 31. h4 Rfb8 32. a4 bxa3 33. Nxa3 a4 34. bxa4 Rxa4 35. Nb5 Rd8 36. Bf1 Ng8 37. Rb3 Nf6 38. Ra3 Rxa3 39. Nxa3 Ng4 40. Nb5 Nf2+ 0-1


[Site "https://www.chess.com"]

[Event "Titled Tuesday Blitz June 13 Late 2023"]
[White "Sai Krishna G V"]
[Black "Zhigalko, Sergei"]
[WhiteFideId "5028280"]
[BlackFideId "13502956"]
[WhiteElo "2359"]
[BlackElo "2626"]
[Result "1-0"]
[Round "6"]
[TimeControl "180+2"]
[Date "2023.06.13"]
[WhiteClock "0:01:06"]
[BlackClock "0:00:00"]
[Board "32"]

1. e4 c5 2. Nf3 Nc6 3. Nc3 Nf6 4. Bb5 Qc7 5. O-O Nd4 6. Re1 a6 7. Bf1 Ng4 8. g3 Nxf3+ 9. Qxf3 Ne5 10. Qg2 e6 11. f4 Nc6 12. f5 Be7 13. d3 Bf6 14. g4 b6 15. g5 Be5 16. Nd5 exd5 17. exd5 Bb7 18. Bf4 1-0


[Site "https://www.chess.com"]

[Event "Titled Tuesday Blitz June 13 Late 2023"]
[White "Saveliev, Alexei"]
[Black "Pap, Gyula"]
[WhiteFideId "24128546"]
[BlackFideId "725323"]
[WhiteElo "2271"]
[BlackElo "2519"]
[Result "1/2-1/2"]
[Round "6"]
[TimeControl "180+2"]
[Date "2023.06.13"]
[WhiteClock "0:00:07"]
[BlackClock "0:00:02"]
[Board "33"]

1. c4 e6 2. Nc3 d5 3. cxd5 exd5 4. d4 c6 5. Nf3 Bf5 6. Bg5 Qb6 7. Qd2 Nd7 8. e3 Ngf6 9. Bd3 Ne4 10. Qc2 Nxg5 11. Bxf5 Nxf3+ 12. gxf3 Nf6 13. Rg1 g6 14. Bd3 Bg7 15. f4 O-O 16. Kf1 Rac8 17. Kg2 c5 18. Na4 Qc6 19. dxc5 d4+ 20. e4 b5 21. cxb6 Qxc2 22. Bxc2 Rxc2 23. e5 Ne4 24. Kf3 f5 25. exf6 Nxf6 26. bxa7 Ra8 27. Rac1 Rxc1 28. Rxc1 Rxa7 29. b3 Nd5 30. Rc8+ Kf7 31. Ke4 Nc3+ 32. Nxc3 dxc3 33. a4 Rb7 34. a5 Rxb3 35. a6 Ra3 36. Rc7+ Kg8 37. a7 Bf8 38. Kd3 h5 39. h4 Ra1 40. Kxc3 Rc1+ 41. Kd3 Rxc7 42. a8=Q Rf7 43. Ke4 Kg7 44. Qd8 Be7 45. Qd5 Bxh4 46. Qc6 Bf6 47. Kf3 Be5 48. Ke4 Bxf4 49. Qc3+ Kh7 50. Qc4 Kg8 51. Qe6 Kg7 52. Qc8 Bg5 53. Qc3+ Bf6 54. Qb3 Ba1 55. f4 Bf6 56. Ke3 Rf8 57. Ke4 Kh7 58. Qb5 Bg7 59. Qc6 Rf5 60. Qd7 Kh6 61. Qb7 Kh7 62. Qd7 Rf6 63. Qc7 Rf8 64. Qd7 Kh8 65. Qe7 Bh6 66. Qe5+ Kg8 67. Qe6+ Kg7 68. Qe5+ Kh7 69. Qe7+ Kh8 70. Qe5+ Bg7 71. Qe7 Kh7 72. Qd7 Ra8 73. Qc6 Rf8 74. Qd7 1/2-1/2


[Site "https://www.chess.com"]

[Event "Titled Tuesday Blitz June 13 Late 2023"]
[White "Moroni, Luca Jr"]
[Black "Korchmar, Vasiliy"]
[WhiteFideId "865834"]
[BlackFideId "24131750"]
[WhiteElo "2569"]
[BlackElo "2370"]
[Result "1-0"]
[Round "6"]
[TimeControl "180+2"]
[Date "2023.06.13"]
[WhiteClock "0:01:30"]
[BlackClock "0:00:00"]
[Board "34"]

1. d4 d5 2. Bf4 Nf6 3. e3 c5 4. dxc5 e6 5. b4 a5 6. c3 axb4 7. cxb4 b6 8. Bxb8 Rxb8 9. Bb5+ Ke7 10. c6 Qd6 11. Qb3 g5 12. Nd2 Bg7 13. Rc1 e5 14. Ne2 Be6 15. Qb2 h5 16. a4 h4 17. h3 g4 18. hxg4 Nxg4 19. Nf3 Bf6 20. Qd2 Rbg8 21. c7 d4 22. exd4 e4 23. Rc6 Qd5 24. Nf4 Qb3 25. Ne5 Qb1+ 26. Rc1 Qb3 27. Nxg4 Rxg4 28. d5 Rxf4 29. dxe6 e3 30. Qd7+ 1-0


[Site "https://www.chess.com"]

[Event "Titled Tuesday Blitz June 13 Late 2023"]
[White "Gomez Ledo, Roberto Carlos"]
[Black "Chigaev, Maksim"]
[WhiteFideId "3507076"]
[BlackFideId "4108116"]
[WhiteElo "2378"]
[BlackElo "2561"]
[Result "1-0"]
[Round "6"]
[TimeControl "180+2"]
[Date "2023.06.13"]
[WhiteClock "0:00:14"]
[BlackClock "0:00:00"]
[Board "35"]

1. d4 Nf6 2. Bf4 d6 3. Nc3 Nbd7 4. Nf3 c5 5. e3 g6 6. h3 Bg7 7. Be2 O-O 8. O-O b6 9. Bh2 Bb7 10. d5 a6 11. a4 Ne8 12. e4 Nc7 13. Re1 Rb8 14. Bf1 f6 15. h4 Bc8 16. h5 g5 17. Nd2 b5 18. Be2 b4 19. Na2 Ne5 20. Nc1 f5 21. exf5 Bxf5 22. Nc4 Nxc4 23. Bxc4 h6 24. Nd3 Kh8 25. g4 Bh7 26. f4 gxf4 27. Nxf4 Qd7 28. Bd3 Bd4+ 29. Kh1 Nxd5 30. Nxd5 Qc6 31. Bxh7 Kxh7 32. Qd3+ Kh8 33. Qe4 e5 34. c3 bxc3 35. bxc3 Bf2 36. Re2 Bh4 37. Rg1 Bg5 38. c4 Rb7 39. Qg6 Rg7 40. Bxe5 1-0


[Site "https://www.chess.com"]

[Event "Titled Tuesday Blitz June 13 Late 2023"]
[White "Remizov, Yaroslav"]
[Black "Bjelobrk, Igor"]
[WhiteFideId "34134015"]
[BlackFideId "4300726"]
[WhiteElo "2405"]
[BlackElo "2319"]
[Result "0-1"]
[Round "6"]
[TimeControl "180+2"]
[Date "2023.06.13"]
[WhiteClock "0:00:00"]
[BlackClock "0:00:37"]
[Board "36"]

1. e4 e6 2. d4 d5 3. Nc3 Bb4 4. e5 b6 5. Qg4 Bf8 6. h4 h5 7. Qg3 Ne7 8. Bg5 Qd7 9. O-O-O Nf5 10. Qf4 Ba6 11. Nh3 Bxf1 12. Rhxf1 Nc6 13. f3 Be7 14. Bxe7 Ncxe7 15. g3 Ng6 16. Qg5 Qe7 17. Ne2 Qxg5+ 18. Nxg5 Ne3 19. Kd2 Nxf1+ 20. Rxf1 c5 21. c3 Rc8 22. f4 Ne7 23. Kd3 Nf5 24. Nf3 Ke7 25. a4 Rc7 26. Ra1 Rhc8 27. Ra3 g6 28. Ra1 Rb8 29. Ra2 b5 30. axb5 Rxb5 31. dxc5 Rbxc5 32. Nfd4 Rb7 33. Nxf5+ gxf5 34. Nd4 Rc8 35. b4 Rg8 36. Ne2 Rc7 37. Ra6 f6 38. exf6+ Kxf6 39. Ke3 Rgc8 40. Kd3 Rg8 41. Ke3 Ke7 42. Kd2 Kd7 43. Kd3 Rb8 44. Nd4 Rb6 45. Ra5 a6 46. Nb3 Kd6 47. Nd4 Rg7 48. Ne2 e5 49. fxe5+ Kxe5 50. Ke3 Rc6 51. Kf2 Rg4 52. Kf3 Rcg6 53. Kf2 Ke4 0-1


[Site "https://www.chess.com"]

[Event "Titled Tuesday Blitz June 13 Late 2023"]
[White "Chernobay, Artem"]
[Black "Bazeev, German"]
[WhiteFideId "4167406"]
[BlackFideId "24119350"]
[WhiteElo "2474"]
[BlackElo "2466"]
[Result "0-1"]
[Round "6"]
[TimeControl "180+2"]
[Date "2023.06.13"]
[WhiteClock "0:00:00"]
[BlackClock "0:00:34"]
[Board "37"]

1. d4 Nf6 2. c4 e6 3. Nf3 b6 4. g3 Bb7 5. Bg2 Bb4+ 6. Bd2 c5 7. O-O O-O 8. d5 exd5 9. Nh4 Re8 10. Bxb4 cxb4 11. cxd5 d6 12. a3 bxa3 13. Rxa3 Nbd7 14. Nc3 a6 15. Nf5 Ne5 16. Ra1 b5 17. e4 g6 18. Nd4 Qb6 19. Re1 Rac8 20. Nb3 Rc4 21. Bf1 Rb4 22. Na2 Neg4 23. Re2 Rbxe4 24. Rd2 b4 25. h3 Ne5 26. Bg2 Rc4 27. Nac1 Ne4 28. Rd4 Bxd5 29. Bxe4 Bxe4 30. Rxd6 Nf3+ 31. Kh1 Qxf2 0-1


[Site "https://www.chess.com"]

[Event "Titled Tuesday Blitz June 13 Late 2023"]
[White "Mendez Fortes, Eduardo Jesus"]
[Black "Kosakowski, Jakub"]
[WhiteFideId "3502376"]
[BlackFideId "1185080"]
[WhiteElo "2307"]
[BlackElo "2488"]
[Result "0-1"]
[Round "6"]
[TimeControl "180+2"]
[Date "2023.06.13"]
[WhiteClock "0:00:52"]
[BlackClock "0:00:45"]
[Board "38"]

1. e4 c6 2. d4 d5 3. e5 Bf5 4. Nf3 e6 5. Be2 Nd7 6. Nbd2 a5 7. a4 f6 8. exf6 Ngxf6 9. O-O Bd6 10. c4 O-O 11. Re1 Ne4 12. Nf1 Qf6 13. Ng3 Rae8 14. Bd3 Nxg3 15. hxg3 Bg4 16. Be2 e5 17. dxe5 Nxe5 18. Be3 Nxc4 19. Bd4 Qg6 20. b3 Na3 21. Qd2 Bxf3 22. gxf3 Nc2 23. Bd3 Nxe1 24. Rxe1 Rxe1+ 25. Kg2 Qe6 0-1


[Site "https://www.chess.com"]

[Event "Titled Tuesday Blitz June 13 Late 2023"]
[White "Sydoryka, Vladyslav"]
[Black "Harsh Suresh"]
[WhiteFideId "14145928"]
[BlackFideId "45018464"]
[WhiteElo "2269"]
[BlackElo "2209"]
[Result "1-0"]
[Round "6"]
[TimeControl "180+2"]
[Date "2023.06.13"]
[WhiteClock "0:00:11"]
[BlackClock "0:00:09"]
[Board "39"]

1. c4 e5 2. g3 h5 3. h4 Nf6 4. Bg2 c6 5. Nf3 e4 6. Nd4 d5 7. d3 Bc5 8. Nc2 dxc4 9. d4 Bd6 10. Nc3 Qe7 11. Bg5 Bf5 12. Ne3 Bg6 13. Nxc4 Nbd7 14. Nxd6+ Qxd6 15. O-O O-O 16. Bf4 Qe6 17. Qd2 Nb6 18. Rfd1 Nc4 19. Qc1 e3 20. Bxe3 Nxe3 21. Qxe3 Qxe3 22. fxe3 Rfe8 23. e4 Nxe4 24. Bxe4 Bxe4 25. Kf2 Rad8 26. Rac1 f5 27. e3 Kf7 28. Ne2 Bd5 29. a3 Re7 30. Nf4 g6 31. Nd3 Rde8 32. Ne5+ Rxe5 33. dxe5 Rxe5 34. Rd4 a5 35. b4 axb4 36. Rxb4 b5 37. a4 Bc4 38. axb5 cxb5 39. Ra1 Rd5 40. Ra7+ Kf6 41. Ra6+ Ke5 42. Rb2 Rd6 43. Rxd6 Kxd6 44. Kf3 Kc5 45. Kf4 b4 46. Kg5 Bf7 47. Kf6 Be8 48. Ke7 Ba4 49. Kf7 Bd1 50. Kxg6 Bg4 51. Kf6 Kc4 52. Rc2+ Kd3 53. Rc7 b3 54. Ke5 b2 55. Rb7 Kc2 56. Rc7+ Kb1 57. Kd4 Bf3 58. Rc5 Be4 59. Kc3 Kc1 60. Kb3+ Kb1 61. Kc3 Kc1 62. Kb3+ Kd2 63. Kxb2 Kxe3 64. Rc3+ Kf2 65. Kb3 Bf3 66. Rc5 Bg4 67. Rc3 Bf3 68. Rc5 Be4 69. Rc3 Kg2 70. Kc4 Bf3 71. Kd4 Kxg3 72. Ke5 Kg4 73. Rxf3 Kxf3 74. Kxf5 Ke3 75. Kg5 Kd4 76. Kxh5 Ke5 77. Kg6 Ke6 78. h5 Ke7 79. Kg7 Ke8 80. h6 Ke7 81. h7 Ke6 82. h8=Q Kd6 83. Qe8 Kd5 84. Kf6 Kd4 85. Kf5 Kc3 86. Ke4 Kb3 87. Qc6 Kb4 88. Kd4 Ka5 89. Qb7 1-0


[Site "https://www.chess.com"]

[Event "Titled Tuesday Blitz June 13 Late 2023"]
[White "Perez Ponsa, Federico"]
[Black "Pinheiro, Iung Alicio de O."]
[WhiteFideId "117927"]
[BlackFideId "2104350"]
[WhiteElo "2590"]
[BlackElo "2283"]
[Result "1-0"]
[Round "6"]
[TimeControl "180+2"]
[Date "2023.06.13"]
[WhiteClock "0:02:29"]
[BlackClock "0:00:08"]
[Board "40"]

1. e4 e5 2. Nf3 Nc6 3. d4 exd4 4. Nxd4 Bb4+ 5. c3 Bc5 6. Nf5 g6 7. Be3 Bb6 8. Bxb6 axb6 9. Ne3 Nf6 10. f3 O-O 11. c4 Nh5 12. Qd2 f5 13. exf5 Qh4+ 14. Qf2 Qxf2+ 15. Kxf2 gxf5 16. Nd5 Nd4 17. Nxc7 Ra5 18. Nc3 f4 19. Rd1 Nc2 20. N7d5 b5 21. cxb5 Re8 22. g4 Ne3 23. Rd2 1-0


[Site "https://www.chess.com"]

[Event "Titled Tuesday Blitz June 13 Late 2023"]
[White "Janaszak, Dawid"]
[Black "Bryakin, Mikhail"]
[WhiteFideId "1119206"]
[BlackFideId "4165314"]
[WhiteElo "2220"]
[BlackElo "2464"]
[Result "1-0"]
[Round "6"]
[TimeControl "180+2"]
[Date "2023.06.13"]
[WhiteClock "0:00:12"]
[BlackClock "0:00:00"]
[Board "41"]

1. e4 d5 2. exd5 Qxd5 3. Nf3 Bg4 4. Be2 Nc6 5. h3 Bh5 6. Nc3 Qd6 7. O-O Nf6 8. Nb5 Qd7 9. d4 a6 10. Na3 O-O-O 11. c3 e6 12. Nc4 Bd6 13. b4 Ne7 14. a4 Ned5 15. Qb3 Qe7 16. b5 axb5 17. axb5 Bxf3 18. Bxf3 Kd7 19. Ne5+ Ke8 20. c4 Nb4 21. Bxb7 Rb8 22. Nc6 Nxc6 23. Bxc6+ Kf8 24. c5 h6 25. cxd6 cxd6 26. Ba3 g5 27. Qg3 Rd8 28. b6 Nh5 29. Qf3 Nf4 30. b7 Kg7 31. Rab1 h5 32. Rfe1 Ng6 33. Rb5 g4 34. Qg3 Qc7 35. Reb1 f5 36. d5 e5 37. Qb3 Rb8 38. Qb4 Rhd8 39. Qa5 Qe7 40. hxg4 hxg4 41. g3 f4 42. Kg2 f3+ 43. Kf1 Qg5 44. Ke1 Qf5 45. Qc3 Rh8 46. Kd2 Rh2 47. Qe3 Kf6 48. Bxd6 Rd8 49. b8=Q Rxb8 50. Rxb8 e4 51. Qd4+ Kg5 52. Bf4+ Nxf4 53. gxf4+ Qxf4+ 54. Kc3 Qf7 55. Qe5+ Kg6 56. Qxh2 Qf6+ 57. Kc4 1-0


[Site "https://www.chess.com"]

[Event "Titled Tuesday Blitz June 13 Late 2023"]
[White "Urbina Perez, Juan Antonio"]
[Black "Yanchenko, Roman"]
[WhiteFideId "2217368"]
[BlackFideId "4137329"]
[WhiteElo "2197"]
[BlackElo "2491"]
[Result "0-1"]
[Round "6"]
[TimeControl "180+2"]
[Date "2023.06.13"]
[WhiteClock "0:00:12"]
[BlackClock "0:01:08"]
[Board "42"]

1. d4 d5 2. Nf3 c6 3. Nbd2 Nf6 4. e3 Bf5 5. c4 e6 6. Qb3 Qc7 7. Bd3 Bxd3 8. Qxd3 Nbd7 9. O-O Be7 10. e4 dxe4 11. Nxe4 Nxe4 12. Qxe4 Nf6 13. Qe2 Rd8 14. b3 Qa5 15. Bd2 Qh5 16. Rfe1 O-O 17. Bc3 a6 18. Ne5 Qxe2 19. Rxe2 Nd7 20. Nxd7 Rxd7 21. Rd1 Bf6 22. Red2 b6 23. Kf1 Rfd8 24. Ke2 c5 25. dxc5 Rxd2+ 26. Rxd2 Rxd2+ 27. Bxd2 bxc5 28. b4 cxb4 29. Bxb4 Be5 30. h3 f5 31. Kd3 Kf7 32. c5 Ke8 33. Bc3 Bf6 34. Bxf6 gxf6 35. h4 Kd7 36. Kc4 Kc6 37. g3 h6 38. h5 Kc7 39. Kd4 Kd7 40. a4 Kc7 41. f3 Kd7 42. g4 e5+ 43. Kc4 e4 44. gxf5 exf3 45. Kd3 Kc6 46. Ke3 Kxc5 47. Kxf3 Kd4 48. Kf4 a5 49. Kf3 Ke5 50. Kg4 Ke4 51. Kg3 Kxf5 52. Kh4 Kf4 53. Kh3 Kg5 54. Kg3 Kxh5 55. Kh3 Kg5 56. Kg3 Kf5 0-1


[Site "https://www.chess.com"]

[Event "Titled Tuesday Blitz June 13 Late 2023"]
[White "Manea, Alexandru"]
[Black "Tejedor Fuente, Enrique"]
[WhiteFideId "1207660"]
[BlackFideId "2299100"]
[WhiteElo "2226"]
[BlackElo "2496"]
[Result "1-0"]
[Round "6"]
[TimeControl "180+2"]
[Date "2023.06.13"]
[WhiteClock "0:01:10"]
[BlackClock "0:00:00"]
[Board "43"]

1. c4 Nf6 2. Nf3 d6 3. b3 e5 4. Bb2 Be7 5. Nc3 O-O 6. e3 c6 7. d4 e4 8. Nd2 d5 9. h3 Be6 10. a3 Nbd7 11. b4 Ne8 12. Qb3 Nc7 13. cxd5 cxd5 14. Nb5 Ne8 15. Be2 f5 16. g3 a6 17. Nc3 Nef6 18. Na4 b6 19. b5 axb5 20. Bxb5 Rf7 21. Rc1 Bd6 22. Rc6 Qb8 23. Ke2 g5 24. h4 h6 25. hxg5 hxg5 26. Bc3 f4 27. gxf4 gxf4 28. Kd1 fxe3 29. fxe3 Ng4 30. Rg1 Rg7 31. Bb4 Nf2+ 32. Ke2 Rxg1 33. Bxd6 Qe8 34. Kxf2 Qg6 35. Bf1 Rf8+ 36. Ke1 Bh3 37. Qxd5+ Kh7 38. Bxf8 Qg3+ 39. Kd1 Bg4+ 40. Kc2 Qf2 41. Qxe4+ Bf5 42. Qxf5+ Qxf5+ 43. Bd3 Qxd3+ 44. Kxd3 Nxf8 45. Rxb6 Ra1 46. Rb7+ Kg6 47. Nc3 Rxa3 48. Nc4 Ra1 49. Rb6+ 1-0


[Site "https://www.chess.com"]

[Event "Titled Tuesday Blitz June 13 Late 2023"]
[White "Tanenbaum, Zachary"]
[Black "Vaglio Munoz, Jaime"]
[WhiteFideId "2060850"]
[BlackFideId "6500145"]
[WhiteElo "2207"]
[BlackElo "2199"]
[Result "0-1"]
[Round "6"]
[TimeControl "180+2"]
[Date "2023.06.13"]
[WhiteClock "0:00:02"]
[BlackClock "0:01:06"]
[Board "44"]

1. e4 c6 2. d4 d5 3. exd5 cxd5 4. Bd3 Nc6 5. c3 Nf6 6. Bf4 g6 7. Nf3 Bf5 8. Bxf5 gxf5 9. O-O e6 10. Re1 Bd6 11. Bg5 Be7 12. c4 Ne4 13. Bxe7 Nxe7 14. Ne5 O-O 15. Nc3 Nxc3 16. bxc3 dxc4 17. Nxc4 Rc8 18. Qb3 Qc7 19. Ne5 Qxc3 20. Qxb7 Rc7 21. Qb5 Qxd4 22. Rad1 Qf4 23. Nd7 Rfc8 24. Nf6+ Kh8 25. Nh5 Qh6 26. Qe5+ Kg8 27. Nf6+ Kf8 28. Re3 Rc1 29. Nd7+ Ke8 30. Qh8+ Ng8 31. Rd3 Rxd1+ 32. Rxd1 Qd2 33. Qxg8+ Ke7 34. Qg4 fxg4 35. Rxd2 Rc1+ 36. Rd1 Rxd1# 0-1


[Site "https://www.chess.com"]